 Dungeon Crawl Stone Soup version 0.31.0-11-ge490571c62 (webtiles) character file.

Game seed: 17236547245760180337

9 Bobbunny the Sneak (level 2, 0/24 HPs)
             Began as a Formicid Delver on Jan 31, 2024.
             Slain by an iguana (5 damage)
             ... on level 5 of the Dungeon.
             The game lasted 00:01:16 (361 turns).

Bobbunny the Sneak (Formicid Delver)                 Turns: 361, Time: 00:01:16

Health: 0/24       AC:  3    Str: 16    XL:     2   Next: 20%
Magic:  2/2        EV: 12    Int:  9    God:
Gold:   10         SH:  0    Dex: 15    Spells: 1/1 levels left

rFire   . . .        a - +0 hand axe
rCold   . . .        (no shield)
rNeg    . . .        b - +0 leather armour
rPois   .            (helmet unavailable)
rElec   .            h - scarf {repulsion}
rCorr   .            (no gloves)
SInv    +            (no boots)
Will    .....        (no amulet)
Stlth   +++          (no ring)
HPRegen 0.24/turn    (no ring)
MPRegen 0.08/turn

%: repel missiles
@: no status effects
A: permanent stasis, dig shafts and tunnels, antennae 3, four strong arms
a: Dig, Shaft Self


You were on level 5 of the Dungeon.
You visited 1 branch of the dungeon, and saw 1 of its levels.

You collected 10 gold pieces.

Inventory:

Hand Weapons
 a - a +0 hand axe (weapon)
Armour
 b - a +0 leather armour (worn)
 h - a scarf of repulsion (worn)
Wands
 f - a wand of digging (3)
Scrolls
 c - a scroll of fog
 d - 2 scrolls of revelation
 e - a scroll of fear
 g - a scroll of identify {unknown}


   Skills:
 + Level 3.6 Fighting
 + Level 2.4 Axes
 - Level 1.7 Dodging
 - Level 6.0 Stealth


You had one spell level left.
You didn't know any spells.
Your spell library contained the following spells:

 Spells                   Type           Power      Damage    Failure   Level
 Necrotise                Necr           0%         1d4       45%         1
 Vampiric Draining        Necr           0%         2d6       83%         3
 Martyr's Knell           Necr/Summ      0%         N/A       99%         4
 Curse of Agony           Necr           0%         N/A       100%        5


Dungeon Overview and Level Annotations

Branches:
Dungeon (5/15)
 Temple: D:4-7

Altars:


Innate Abilities, Weirdness & Mutations

You cannot be hasted, slowed, berserked, paralysed or teleported.
You can dig through walls and to a lower floor.
You have a pair of large antennae on your head. (SInv)
Your four strong arms can wield two-handed weapons with a shield.


Message History

The adder bites you.
You are poisoned.
The adder poisons you! The adder barely misses you.
You hit the adder.
You kill the adder!
You feel sick.
You have reached level 2!
You feel sick.
You feel sick.
You feel sick.
You feel sick.
You feel sick.
You are no longer poisoned.
You start resting.
HP restored.
You sense a monster nearby.
You see here an adder corpse.
You see here an adder corpse.
Found a scroll of revelation.
d - 2 scrolls of revelation (gained 1)
Found 10 gold pieces.
You now have 10 gold pieces.
An iguana comes into view.
Found 17 gold pieces.
The iguana hisses angrily.
You barely miss the iguana. The iguana barely misses you. The iguana bites you.
You closely miss the iguana. The iguana barely misses you.
You closely miss the iguana. The iguana closely misses you.
You hit the iguana.
The iguana is moderately wounded.
The iguana bites you!
You hit the iguana but do no damage.
The iguana is moderately wounded.
The iguana bites you but does no damage.
You closely miss the iguana.
The iguana is moderately wounded.
The iguana bites you!
* * * LOW HITPOINT WARNING * * *
The iguana bites you.
You die...

.......###
.........+
.......###
.#.#.#.# .......#
{ ##.##### #.# #+#
#.#
########.#########
#.#
#.........@.......
#.#
#.######.l########
#.# #.# ##...#
#.####.#........#
#............$.##
######.#...##.##
#........#
##########


You could see an iguana.

Vanquished Creatures
  An adder (D:5)
1 creature vanquished.

Notes
Turn   | Place    | Note
-------+----------+-------------------------------------------
     0 | D:5      | Bobbunny the Formicid Delver began the quest for the Orb.
     0 | D:5      | Reached XP level 1. HP: 18/18 MP: 1/1
    58 | D:5      | Noticed a water moccasin
   130 | D:5      | Reached XP level 2. HP: 8/24 MP: 2/2
   361 | D:5      | Slain by an iguana

Illustrated notes

Levels and vault maps discovered:
D:5:      layout_loops_corners, makhleb_blood_cavern_becter,
          regret_index_xom_of_box, nemelex_diamond_rough_becter,
          minmay_fire_ice_demons

Action                     || total
---------------------------++-------
  Melee: Hand axe          ||    15
 Armour: Leather armour    ||    12
  Dodge: Dodged            ||    10
